Map: Overgrown Facility

Players

Arts

  • Race: Terran Terran
  • Spawn Location: 9:00

MrBadAss

  • Race: Protoss Protoss
  • Spawn Location: 7:00

ShambhalaWar - Winner!

  • Race: Terran Terran
  • Spawn Location: 1:00

PureLegacy - Winner!

  • Race: Terran Terran
  • Spawn Location: 3:00

VOD

Have the link to the VOD?

Description

Time

  • Played on: Nov. 23, 2018, 3:43 p.m.
  • Length: 8:26
Show
View Real Time Build Order
Export as new Build Order

Arts Terran 

Build Orders:  

Get SALT Encoding   

  12  0:01  SCV  
  13  0:13  SCV  
  14  0:19  Supply Depot  
  14  0:25  SCV  
  15  0:41  Barracks, SCV  
  16  0:51  Refinery  
  16  0:53  SCV  
  17  1:05  SCV  
  18  1:16  Barracks  
  18  1:17  SCV  
  19  1:27  Barracks  
  19  1:34  Reaper  
  20  1:41  Orbital Command  
  20  1:47  Supply Depot  
  20  1:58  Refinery  
  20  2:06  Reaper  
  21  2:11  Reaper  
  22  2:17  SCV  
  23  2:27  Reaper  
  23  2:29  SCV  
  25  2:42  SCV  
  25  2:43  Reaper  
  26  2:50  Reaper  
  27  2:59  Reaper, SCV  
  29  3:10  Command Center  
  29  3:11  SCV  
  30  3:15  Reaper  
  29  3:24  SCV  
  29  3:27  Reaper  
  30  3:39  Reaper  
  30  3:40  SCV  
  29  3:47  Reaper  
  24  3:58  SCV  
  24  3:59  Reaper  
    7:04  SCV  
  1  7:16  SCV  
  2  7:28  SCV  
  3  7:40  SCV  
  4  7:52  SCV  
Show
View Real Time Build Order
Export as new Build Order

MrBadAss Protoss 

Build Orders: Oracle Opening 

Get SALT Encoding   

  12  0:01  Probe  
  13  0:13  Pylon  
  13  0:19  Probe  
  14  0:32  Probe  
  14  0:33  Gateway  
  14  0:40  Probe  
  15  0:48  Assimilator  
  16  0:50  Probe  
  17  1:06  Probe  
  17  1:07  Gateway  
  18  1:18  Probe  
  18  1:25  Assimilator  
  19  1:29  Cybernetics Core  
  19  1:36  Probe  
  20  1:43  Pylon  
  20  1:48  Probe  
  20  1:51  Assimilator  
  21  2:02  Adept x2  
  24  2:26  Adept, Probe  
  27  2:53  Probe  
  27  2:54  Adept  
  30  3:04  Nexus  
  30  3:12  Gateway  
  30  3:15  Stargate  
  28  3:22  Adept  
  30  3:28  Pylon  
  30  3:33  Shield Battery  
  30  3:35  Probe  
  31  3:42  Warp Gate  
  31  3:48  Adept  
  33  3:56  Probe  
  33  3:58  Oracle  
  34  4:09  Probe  
  32  4:17  Probe  
  32  4:21  Probe, Sentry  
  36  4:26  Adept  
  36  4:29  Forge  
  36  4:31  Oracle, Pylon  
  38  4:35  Gateway  
  38  4:36  Gateway  
  41  4:56  Probe  
  41  4:58  Probe  
  42  5:05  Probe  
  43  5:07  Protoss Ground Weapons Level 1  
  43  5:10  Probe, Shield Battery  
  45  5:21  Probe  
  46  5:22  Oracle  
  49  5:34  Probe x2  
  51  5:37  Gateway  
  51  5:40  Gateway  
  51  5:43  Assimilator  
  51  5:46  Probe x2  
  51  5:49  Adept x3  
  57  6:02  Twilight Council  
  57  6:03  Probe  
  57  6:04  Gateway, Probe  
  59  6:06  Gateway  
  59  6:08  Pylon  
  59  6:16  Assimilator  
  59  6:31  Probe x2  
  61  6:41  Resonating Glaives  
  61  6:42  Adept  
  61  6:43  Adept x4, Probe  
  61  6:46  Probe  
  69  7:16  Pylon  
  69  7:19  Pylon  
  69  7:23  Nexus  
  69  7:26  Pylon  
  69  7:28  Photon Cannon, Probe, Pylon  
  70  7:34  Probe  
  71  7:41  Probe  
  72  7:46  Probe  
  71  7:53  Probe  
  72  8:08  Adept x6  
  78  8:19  Adept x3  
Show
View Real Time Build Order
Export as new Build Order

ShambhalaWar Terran - Winner!

Build Orders:  

Get SALT Encoding   

  12  0:03  SCV  
  13  0:15  SCV  
  14  0:26  Supply Depot  
  14  0:28  SCV  
  15  0:48  SCV  
  15  0:49  Barracks  
  16  0:56  Refinery  
  16  1:00  SCV  
  17  1:12  Supply Depot  
  17  1:15  Barracks  
  17  1:25  SCV  
  18  1:37  SCV  
  19  1:44  Barracks  
  19  1:46  Refinery  
  19  2:02  SCV  
  20  2:09  Reaper x2  
  22  2:17  SCV  
  22  2:27  Supply Depot  
  22  2:34  Reaper  
  22  2:35  SCV  
  24  2:41  Reaper x2  
  26  3:02  SCV  
  27  3:06  Reaper, Bunker  
  28  3:13  Reaper  
  28  3:14  Reaper  
  30  3:29  Supply Depot  
  30  3:38  Reaper  
  28  3:45  Reaper  
  28  3:46  Reaper  
  28  3:48  SCV  
  31  4:10  Reaper  
  31  4:18  Reaper x2  
  33  4:26  SCV  
  33  4:29  Command Center  
  35  4:38  SCV  
  35  4:42  Reaper  
  36  4:50  Reaper x2  
  38  4:57  Orbital Command  
  38  4:59  Factory  
  38  5:15  Supply Depot  
  38  5:16  Barracks Tech Lab  
  38  5:17  Supply Depot  
  38  5:25  SCV  
  38  5:27  Engineering Bay  
  39  5:28  Marine x2  
  41  5:37  SCV  
  43  5:44  Orbital Command  
  43  5:46  Marine  
  43  6:00  Stimpack  
  43  6:01  Barracks Reactor  
  43  6:08  Widow Mine  
  45  6:16  Supply Depot  
  45  6:18  Barracks Reactor  
  45  6:20  Missile Turret, Starport  
  45  6:25  Missile Turret  
  45  6:31  SCV x2  
  40  6:48  SCV x2  
  40  6:50  Marine x3  
  45  6:56  Widow Mine  
  47  7:02  Supply Depot  
  47  7:07  Medivac  
  47  7:08  Marine  
  49  7:12  SCV  
  48  7:17  Widow Mine  
  48  7:19  Missile Turret  
  47  7:30  Marine x2  
  47  7:31  Marine x2  
  47  7:32  Marauder  
  51  7:53  Widow Mine  
  51  7:54  Medivac  
  51  7:55  Marine x4  
  51  7:56  Marauder  
  61  8:05  SCV x2  
  63  8:11  Command Center  
Show
View Real Time Build Order
Export as new Build Order

PureLegacy Terran - Winner!

Build Orders:  

Get SALT Encoding   

  12  0:01  SCV  
  13  0:13  SCV  
  14  0:18  Supply Depot  
  14  0:27  SCV  
  15  0:32  Refinery  
  15  0:39  SCV  
  16  0:47  Barracks  
  16  0:52  SCV  
  17  1:05  Barracks  
  17  1:21  Barracks  
  17  1:28  SCV  
  18  1:35  Reaper  
  19  1:48  Orbital Command  
  19  1:55  Reaper  
  20  2:06  Refinery  
  20  2:10  Reaper  
  22  2:15  Reaper  
  22  2:25  Supply Depot  
  22  2:29  Reaper  
  23  2:47  Reaper, SCV  
  25  2:55  Reaper  
  25  2:57  Supply Depot  
  26  2:59  SCV  
  26  3:04  Reaper  
  28  3:11  SCV  
  29  3:14  Engineering Bay  
  29  3:21  Reaper  
  29  3:26  SCV  
  31  3:29  Reaper  
  33  3:41  Reaper  
  33  3:43  SCV  
  33  3:44  Missile Turret  
  33  3:59  Reaper  
  33  4:00  Command Center  
  34  4:03  SCV  
  35  4:13  Reaper  
  35  4:16  Reaper  
  36  4:32  Terran Infantry Weapons Level 1  
  36  4:33  Barracks  
  36  4:34  Barracks  
  37  4:56  SCV  
  37  4:59  Supply Depot, Barracks Reactor, Barracks Tech Lab  
  37  5:00  Barracks Reactor  
  37  5:04  Factory  
  36  5:08  SCV  
  37  5:15  Orbital Command  
  37  5:20  SCV  
  36  5:23  Marine x2, Stimpack  
  38  5:32  SCV  
  38  5:33  Missile Turret  
  39  5:40  Marine  
  39  5:41  Marine x3  
  43  5:47  Marine x2  
  44  5:50  SCV  
  45  5:57  Marine  
  45  5:58  Starport  
  45  6:02  Factory Reactor  
  46  6:04  SCV x2  
  46  6:10  Barracks Reactor x2  
  48  6:16  SCV x2  
  50  6:19  Marine  
  50  6:20  Marine x3  
  51  6:28  SCV x2  
  51  6:29  Supply Depot  
  50  6:41  SCV x2  
  50  6:42  Medivac x2  
  56  6:48  Marine x6  
  56  6:50  Marine  
  56  6:52  Marine  
  64  6:58  Marine  
  64  7:01  Supply Depot  
  64  7:02  Supply Depot, SCV x2  
  66  7:11  Refinery  
  66  7:12  Refinery  
  66  7:14  SCV x2  
  68  7:22  Marine  
  68  7:23  Marine x7  
  68  7:28  Supply Depot, SCV  
  77  7:30  SCV  
  77  7:36  Medivac x2  
  82  7:51  Marine x8  
  83  7:56  Supply Depot  
  83  7:58  Supply Depot  
  90  8:04  Marine  
Tags
 
Add a new tag
Caveats
  • Supply blocks, unpowered buildings, or Contaminate may cause inaccurate times.
  • Supply counts are checked every 10 seconds.